 Dungeon Crawl Stone Soup version 0.18-a0-1088-g34ef3a2 (webtiles) character file.

63 namelastname112 the Magician (level 3, -2/26 HPs)
             Began as a Draconian Wizard on Jan 15, 2016.
             Slain by a worm (6 damage)
             ... on level 2 of the Dungeon.
             The game lasted 00:03:59 (1759 turns).

namelastname112 the Magician (Draconian Wizard)     Turns: 1759, Time: 00:03:59

Health: -2/26      AC:  8    Str:  9    XL:     3   Next: 89%
Magic:  1/8        EV: 12    Int: 19    God:
Gold:   39         SH:  0    Dex:  9    Spells: 3 memorised, 3 levels left

rFire  . . .     SeeInvis .     o - +0 dagger
rCold  . . .     Gourm    .     (armour unavailable)
rNeg   . . .     Faith    .     (no shield)
rPois  .         Spirit   .     a - +0 hat
rElec  .         Dismiss  .     (no cloak)
rCorr  .         Reflect  .     (no gloves)
SustAt .         Harm     .     (no boots)
MR     .....                    (no amulet)
Stlth  ++........               e - +3 ring of protection
                                i - +1 ring of slaying

@: very slightly contaminated, not resistant to hostile enchantments, unstealthy
A: unfitting armour, cold-blooded, AC +5
a: no special abilities


You were on level 2 of the Dungeon.
You were very hungry.

You visited 1 branch of the dungeon, and saw 2 of its levels.

You collected 39 gold pieces.

Inventory:

Hand Weapons
 o - a +0 dagger (weapon)
Armour
 a - a +0 hat (worn)
Jewellery
 e - a +3 ring of protection (right hand)
 i - a +1 ring of slaying (left hand)
Scrolls
 h - a scroll of recharging {unknown}
 j - a scroll of fear {unknown}
 k - a scroll of remove curse {unknown}
 l - a scroll of random uselessness {unknown}
Potions
 d - a potion of heal wounds {unknown}
 f - a potion of mutation {unknown}
 g - a potion of might {unknown}
Books
 b - a book of Minor Magic

   Spells                             Type                      Level
   a - Magic Dart                     Conjuration                  1
   b - Blink                          Translocation                2
   c - Call Imp                       Summoning                    2
   d - Repel Missiles                 Charms/Air                   2
   e - Slow                           Hexes                        2
   f - Conjure Flame                  Conjuration/Fire             3
   g - Mephitic Cloud                 Conjuration/Poison/Air       3
 n - a book of Maledictions

   Spells                             Type                      Level
   a - Corona                         Hexes                        1
   b - Ensorcelled Hibernation        Hexes/Ice                    2
   c - Confuse                        Hexes                        3
   d - Tukima's Dance                 Hexes                        3
   e - Dazzling Spray                 Conjuration/Hexes            3
Comestibles
 c - 3 bread rations


   Skills:
 * Level 1.0 Short Blades
 - Level 1.7 Dodging
 * Level 2.1 Stealth
 + Level 3.7 Spellcasting
 - Level 2.1 Conjurations
 + Level 0.3 Hexes
   Level 1.0 Summonings
   Level 1.0 Translocations


You had 3 spell levels left.
You knew the following spells:

 Your Spells              Type           Power        Failure   Level  Hunger
a - Magic Dart            Conj           ##..         8%          1    None
x - Confuse               Hex            #.......     38%         3    ###....
z - Ensorcelled Hibernat  Hex/Ice        #.....       21%         2    ##.....


Dungeon Overview and Level Annotations

Branches:
Dungeon (2/15)

Altars:


Innate Abilities, Weirdness & Mutations

Your plain brown scales are hard (AC +5).
Your body does not fit into most forms of armour.
You are cold-blooded and may be slowed by cold attacks.


Message History

You hit the worm.
The worm is almost dead.
The worm bites you!
* * * LOW HITPOINT WARNING * * *
You are too injured to fight recklessly!
Casting: Confuse
Confirm with . or Enter, or press ? or * to list all spells.
Aiming: Ensorcelled Hibernation
Press: ? - help, Shift-Dir - straight line, f/p - worm
Aim: a worm (heavily wounded, chance to defeat MR: 45%)
You miscast Ensorcelled Hibernation.
You are very lightly contaminated with residual magic.
Wisps of condensation drift from your hands.
Casting: Ensorcelled Hibernation
Confirm with . or Enter, or press ? or * to list all spells.
You don't have enough magic to cast that spell.
You hit the worm.
The worm is severely wounded.
The worm bites you.
You die...

####.#####
#.# #.# #...
#.# #.# #.#
#... #.#####
#.# #.# #.##
#....<# #)#
#.### #.#
#####.# #.#
#.w.# #.# #.#
#.#####.###.#
#.#
#.......w...#
#w#
#######.#####
#@# #.# #.#
#.# #.# #.#
#.# #.# #.#
#.# #.# #..
#.# #.. ###


You could see a worm.

Vanquished Creatures
  Natasha (D:2)
  An adder (D:2)
  An ooze (D:1)
  A giant gecko (D:2)
  2 bats (D:1)
  A giant cockroach (D:2)
  4 goblins
  5 hobgoblins
  4 kobolds
  3 rats
23 creatures vanquished.

Notes
Turn   | Place    | Note
--------------------------------------------------------------
     0 | D:1      | namelastname112 the Draconian Wizard began the quest for the Orb.
     0 | D:1      | Reached XP level 1. HP: 14/14 MP: 4/4
   550 | D:1      | Reached XP level 2. HP: 20/20 MP: 3/6
   891 | D:2      | Reached XP level 3. HP: 18/26 MP: 1/8
  1088 | D:1      | Learned a level 2 spell: Ensorcelled Hibernation
  1092 | D:1      | Learned a level 3 spell: Confuse
  1146 | D:2      | Noticed Natasha
  1167 | D:2      | Killed Natasha
  1386 | D:2      | Reached skill level 1 in Short Blades
  1759 | D:2      | Slain by a worm

Vault maps used:
D:1:      dpeg_arrival_fog, serial_forest, infiniplex_forest_clump_large,
          infiniplex_forest_end_1, infiniplex_forest_clump_small,
          infiniplex_forest_straight_4, infiniplex_forest_clump_medium
D:2:      kennysheep_vampire_church, first_bread, uniq_robin, uniq_natasha

Action                   || total
-------------------------++-------
Melee: Unarmed           ||    19
       Dagger            ||    53
       Whip              ||     3
 Cast: Magic Dart        ||    36
       Ensorcelled Hiber ||     8
       Confuse           ||     4
 Stab: Sleeping          ||     4
       Confused          ||     1
  Eat: Chunk             ||     2
